 Dungeon Crawl Stone Soup version 0.22-a0-136-g83a10e5 (webtiles) character file.

12393 4thArraOfDagon the Fighter (level 12, -2/102 HPs)
             Began as a Formicid Necromancer on Feb 4, 2018.
             Was a Believer of Ru.
             Slain by a red ugly thing (28 damage)
             ... on level 14 of the Dungeon.
             The game lasted 00:37:53 (7338 turns).

4thArraOfDagon the Fighter (Formicid Necromancer)   Turns: 7338, Time: 00:37:53

Health: -2/102     AC:  4    Str: 13    XL:     12   Next: 19%
Magic:  16/21      EV: 15    Int: 26    God:    Ru [**....]
Gold:   776        SH:  7    Dex: 11    Spells: 12/23 levels left

rFire    x . .     SeeInvis +   k - +7 war axe of Suikh {drain, rN+ Int+6}
rCold    x . .     Gourm    .   r - +2 buckler
rNeg     + . .     Faith    .   t - +0 troll leather armour
rPois    .         Spirit   .   (helmet unavailable)
rElec    .         Reflect  .   (no cloak)
rCorr    .         Harm     .   (no gloves)
MR       +....                  (no boots)
Stlth    ++........             q - amulet of magic regeneration
HPRegen  0.67/turn              G - ring of wizardry
MPRegen  0.42/turn              c - +4 ring of evasion

@: drained
A: permanent stasis, dig shafts and tunnels, four strong arms, antennae 3,
temperature sensitive
a: Dig, Shaft Self, Renounce Religion


You were on level 14 of the Dungeon.
You worshipped Ru.
Ru was pleased with you.
You were not hungry.

You visited 2 branches of the dungeon, and saw 15 of its levels.
You also visited: Ice Cave.

You collected 776 gold pieces.

Inventory:

Hand Weapons
 k - the +7 war axe of Suikh (weapon) {drain, rN+ Int+6}
   (You found it on level 7 of the Dungeon)

   A truly terrible weapon, it drains the life of those it strikes.
   It affects your intelligence (+6).
   It protects you from negative energy.
 l - a +1 mace
 s - a +0 mace of protection
 B - the +6 trident of Wyrd {freeze, Str+4 Dex-5}
   (You found it on level 7 of the Dungeon)

   It has been specially enchanted to freeze those struck by it, causing extra
   injury to most foes and up to half again as much damage against particularly
   susceptible opponents.
   It can also slow down cold-blooded creatures.
   It affects your strength (+4).
   It affects your dexterity (-5).
Missiles
 A - 8 javelins of penetration (quivered)
 J - 2 throwing nets
Armour
 a - a +0 robe
 o - the +2 robe of Bok Epne {rC- MR+ Int+3}
   (You took it off a crimson imp on level 8 of the Dungeon)

   It affects your intelligence (+3).
   It makes you vulnerable to cold.
   It affects your resistance to hostile enchantments.
 r - a +2 buckler (worn)
 t - a +0 troll leather armour (worn)
 K - a +1 robe of magic resistance
 L - a +3 chain mail
Jewellery
 c - a +4 ring of evasion (right hand)
 q - an amulet of magic regeneration (around neck)
 G - a ring of wizardry (left hand)
Wands
 E - a wand of flame (51)
 I - a wand of disintegration (7)
Scrolls
 e - 7 scrolls of amnesia
 h - 3 scrolls of fear
 j - 3 scrolls of teleportation
 n - a scroll of fog
 p - 4 scrolls of enchant weapon
 y - 8 scrolls of remove curse
 H - a scroll of enchant armour
 M - a scroll of vulnerability
 O - a scroll of summoning
Potions
 d - 3 potions of agility
 f - 5 potions of heal wounds
 i - 2 potions of flight
 m - a potion of magic
 u - 2 potions of berserk rage
 v - 5 potions of curing
 w - 2 potions of haste
 z - a potion of ambrosia
 C - a potion of degeneration
 F - 4 potions of brilliance
Books
 b - a book of Necromancy

   Spells                             Type                      Level
   a - Pain                           Necromancy                   1
   b - Animate Skeleton               Necromancy                   1
   c - Vampiric Draining              Necromancy                   3
   d - Regeneration                   Charms/Necromancy            3
   e - Animate Dead                   Necromancy                   4
 g - a book of Debilitation

   Spells                             Type                      Level
   a - Corona                         Hexes                        1
   b - Slow                           Hexes                        2
   c - Inner Flame                    Hexes/Fire                   3
   d - Portal Projectile              Hexes/Translocation          3
   e - Cause Fear                     Hexes                        4
   f - Leda's Liquefaction            Hexes/Earth                  4
Comestibles
 x - 17 rations


   Skills:
 - Level 12.2(12.0) Fighting
 * Level 10.3(10.1) Axes
 - Level 1.7(1.6) Dodging
 - Level 2.4(2.3) Stealth
 - Level 5.0(4.9) Shields
 - Level 6.0(5.8) Spellcasting
 - Level 9.0(8.9) Necromancy


You had 12 spell levels left.
You knew the following spells:

 Your Spells              Type           Power        Failure   Level  Hunger
a - Pain                  Necr           ####         1%          1    None
b - Vampiric Draining     Necr           ######....   1%          3    None
c - Regeneration          Chrm/Necr      ####......   1%          3    None
d - Animate Dead          Necr           N/A          1%          4    ###....


Dungeon Overview and Level Annotations

Branches:
Dungeon (15/15)            Temple (1/1) D:7            Lair (0/6) D:9
    Orc: D:9-12      Vaults: D:13-14     Depths: D:15

Altars:
Ashenzari
Cheibriados
Dithmenos
Elyvilon
Fedhas
Gozag
Hepliaklqana
Kikubaaqudgha
Nemelex Xobeh
Okawaru
Qazlal
Ru
Uskayaw
Xom
Yredelemnul
Zin

Shops:
D:4 :   D:7 =

Annotations:
D:4 exclusion: oklob plant, tilp's ghost, amateur MfIE
D:13 Kirke


Innate Abilities, Weirdness & Mutations

You cannot be hasted, slowed, berserked, paralysed or teleported.
You can dig through walls and to a lower floor.
Your four strong arms can wield two-handed weapons with a shield.
You have a pair of large antennae on your head. (SInv)
You are sensitive to extremes of temperature. (rF-, rC-)


Message History

Confirm with . or Enter, or press ? or * to list all spells.
Aiming: Vampiric Draining (safe; 1% risk of failure)
Press: ? - help, Shift-Dir - straight line, f - red ugly thing
Aim: a red ugly thing (moderately wounded)
The red ugly thing is heavily wounded.
You feel life coursing into your body. The red ugly thing gores you!
You are engulfed in flames!!
The fire burns you terribly!
Your troll zombie misses the red ugly thing.
Your troll zombie claws the red ugly thing. x2
Unknown command.
Casting: Vampiric Draining (safe; 1% risk of failure)
Confirm with . or Enter, or press ? or * to list all spells.
Aiming: Vampiric Draining (safe; 1% risk of failure)
Press: ? - help, Shift-Dir - straight line, f/p - red ugly thing
Aim: a red ugly thing (heavily wounded)
The red ugly thing is severely wounded.
You feel life coursing into your body. The red ugly thing gores you!
* * * LOW HITPOINT WARNING * * *
You are engulfed in flames!!
The fire burns you terribly!
You die...

#..%....# #.......## #.........
#......... #..........
#........... #.....(...... ###
...# #.u........... ... #...#
#.@Z........... ....
#...###............... ....
#.....................
#?.#####...####...............#
#..........# #........>......#
#..........# #...............#
#..........# #....>..........#
##..##.##...# #...............#
##..#.###...# #.....#.##......#


You could see a red ugly thing and a friendly troll zombie.

Vanquished Creatures
  Erica (D:8)
  A two-headed ogre (D:11)
  An unseen horror (D:10)
  A deep elf mage (D:6)
  Pikel (D:4)
  A centaur skeleton (D:11)
  4 trolls
  Sigmund (D:6)
  A vampire (D:14)
  7 yaks (D:11)
  Grum (D:8)
  2 hungry ghosts
  Edmund (D:6)
  An acid dragon (D:14)
  Duvessa (D:7)
  2 water moccasins
  3 orc warriors
  A sky beast (D:9)
  A black bear (D:9)
  10 ice beasts
  A slave (D:4)
  3 ogres
  3 wolves
  A centaur (D:3)
  2 big kobolds
  5 bullfrogs
  Dowan (D:7)
  5 scorpions
  4 killer bees (D:8)
  4 wights (D:11)
  4 howler monkeys
  2 crimson imps
  A quasit (D:6)
  5 jellies
  5 hounds
  A bullfrog skeleton (D:10)
  A gnoll shaman (D:6)
  5 orc priests
  5 orc wizards
  An iguana (D:6)
  A polar bear simulacrum (IceCv)
  10 worker ants
  3 wolf simulacra (IceCv)
  A hound zombie (D:5)
  A hound skeleton (D:7)
  9 adders
  7 gnolls
  4 shadow imps
  5 white imps (IceCv)
  6 oozes
  3 worms
  3 dart slugs
  2 leopard geckos
  28 orcs
  2 giant cockroaches
  6 goblins
  3 hobgoblins
  2 quokkas (D:3)
  A ball python (D:2)
  4 bats
  3 frilled lizards
  13 kobolds
  10 rats
228 creatures vanquished.

Vanquished Creatures (collateral kills)
  2 two-headed ogres (D:8)
  2 hippogriffs (D:8)
  3 yaks (D:11)
  A wyvern (D:8)
  4 ice beasts (D:11)
  A black bear (D:8)
  An eye of draining (D:11)
  A necrophage (D:8)
  A centaur (D:8)
  A wight (D:11)
  A crimson imp (D:8)
  A gnoll (D:6)
  An adder (D:8)
  A leopard gecko (D:11)
  A quokka (D:8)
22 creatures vanquished.

Vanquished Creatures (others)
  A giant cockroach (D:4)
1 creature vanquished.

Grand Total: 251 creatures vanquished

Notes
Turn   | Place    | Note
-------+----------+-------------------------------------------
     0 | D:1      | 4thArraOfDagon the Formicid Necromancer began the quest for the Orb.
     0 | D:1      | Reached XP level 1. HP: 13/13 MP: 3/3
   231 | D:1      | Reached XP level 2. HP: 14/19 MP: 1/5
   537 | D:2      | wazuzu: łot da fak
   618 | D:2      | Reached skill level 5 in Necromancy
   618 | D:2      | Reached XP level 3. HP: 21/24 MP: 2/6
   640 | D:2      | Learned a level 3 spell: Vampiric Draining
   872 | D:3      | Reached XP level 4. HP: 11/30 MP: 3/7
  1165 | D:4      | Found a basalt altar of Yredelemnul.
  1185 | D:3      | You fall through a shaft!
  1192 | D:4      | Reached XP level 5. HP: 22/35 MP: 4/8
  1209 | D:4      | Found a white marble altar of Elyvilon.
  1214 | D:4      | Found a shattered altar of Ashenzari.
  1234 | D:4      | Noticed a bullfrog
  1241 | D:4      | Killed a bullfrog
  1241 | D:4      | Reached XP level 6. HP: 28/41 MP: 0/9
  1250 | D:4      | Learned a level 3 spell: Regeneration
  1269 | D:4      | Found Imynoera's Book Emporium.
  1360 | D:4      | wazuzu: >destructive creation
  1376 | D:4      | Noticed tilp's ghost (amateur MfIE)
  1514 | D:5      | Entered Level 5 of the Dungeon
  1714 | D:5      | Noticed a water moccasin
  1734 | D:5      | Killed a water moccasin
  1734 | D:5      | Reached XP level 7. HP: 24/46 MP: 0/10
  1760 | D:5      | Found a hazy altar of Hepliaklqana.
  1951 | D:5      | You fall through a shaft for 2 floors!
  1952 | D:7      | Noticed Dowan
  1969 | D:8      | Noticed a hippogriff
  2006 | D:9      | Found a staircase to the Lair.
  2064 | D:9      | Found a snail-covered altar of Cheibriados.
  2193 | D:9      | Reached skill level 1 in Fighting
  2193 | D:9      | Reached XP level 8. HP: 29/54 MP: 2/11
  2206 | D:9      | Learned a level 4 spell: Animate Dead
  2259 | D:8      | Reached skill level 2 in Fighting
  2292 | D:8      | Noticed a two-headed ogre
  2302 | D:8      | Killed a two-headed ogre
  2302 | D:8      | Reached skill level 4 in Fighting
  2310 | D:8      | Noticed a wyvern
  2313 | D:8      | Killed a wyvern
  2313 | D:8      | Reached skill level 5 in Spellcasting
  2316 | D:8      | Noticed a hippogriff
  2316 | D:8      | Reached skill level 5 in Fighting
  2316 | D:8      | Reached XP level 9. HP: 66/68 MP: 7/16
  2318 | D:8      | Killed a hippogriff
  2326 | D:8      | Killed a hippogriff
  2327 | D:8      | Noticed Erica
  2334 | D:8      | Got a shadowed robe
  2341 | D:8      | Noticed a two-headed ogre
  2372 | D:8      | Noticed Grum
  2401 | D:7      | Found Xiyph's Jewellery Emporium.
  2415 | D:7      | Identified the +2 robe of Bok Epne {rC- MR+ Int+3} (You took it off a crimson imp on level 8 of the Dungeon)
  2420 | D:7      | Found a staircase to the Ecumenical Temple.
  2430 | Temple   | Entered the Ecumenical Temple
  2461 | Temple   | Became a worshipper of Ru the Awakened
  2526 | D:7      | Reached skill level 6 in Fighting
  2569 | D:7      | Got a jewelled trident
  2572 | D:7      | Identified the +6 trident of Wyrd {freeze, Str+4 Dex-5} (You found it on level 7 of the Dungeon)
  2631 | D:6      | Noticed Edmund
  2645 | D:6      | Killed Edmund
  2645 | D:6      | Reached skill level 7 in Fighting
  2723 | D:6      | Noticed Sigmund
  2739 | D:6      | Killed Sigmund
  2739 | D:6      | Reached skill level 8 in Fighting
  3153 | D:4      | Reached skill level 9 in Fighting
  3269 | D:4      | Gained mutation: You are sensitive to extremes of temperature. (rF-, rC-) [Ru sacrifice]
  3269 | D:4      | Reached * piety under Ru
  3269 | D:4      | Reached ** piety under Ru
  3725 | D:3      | Reached XP level 10. HP: 78/83 MP: 15/19
  4097 | D:4      | Found a blossoming altar of Fedhas.
  4108 | D:4      | Noticed an oklob plant
  4161 | D:4      | Noticed Pikel
  4179 | D:4      | Killed Pikel
  4179 | D:4      | Reached skill level 10 in Fighting
  4423 | D:6      | Reached skill level 11 in Fighting
  4634 | D:6      | Noticed a deep elf mage
  4641 | D:6      | Killed a deep elf mage
  4777 | D:7      | Got a brightly glowing war axe
  4778 | D:7      | Identified the +7 war axe of Suikh {drain, rN+ Int+6} (You found it on level 7 of the Dungeon)
  4877 | D:7      | Reached skill level 1 in Axes
  4888 | D:7      | Noticed Duvessa
  4905 | D:7      | Killed Duvessa
  4908 | D:7      | Killed Dowan
  5261 | D:8      | Killed Grum
  5261 | D:8      | Reached skill level 1 in Shields
  5315 | D:8      | Killed Erica
  5315 | D:8      | Reached skill level 12 in Fighting
  5315 | D:8      | Reached XP level 11. HP: 53/95 MP: 2/20
  5454 | D:8      | Killed a two-headed ogre
  5454 | D:8      | Reached skill level 5 in Axes
  5563 | D:9      | Found a shimmering altar of Xom.
  5616 | D:9      | Noticed a two-headed ogre
  5667 | D:10     | Entered Level 10 of the Dungeon
  5948 | D:9      | Noticed a two-headed ogre
  6285 | D:10     | Noticed an unseen horror
  6293 | D:10     | Killed an unseen horror
  6293 | D:10     | Reached skill level 5 in Shields
  6557 | D:11     | Found a frozen archway.
  6589 | IceCv    | Entered an ice cave
  6662 | IceCv    | Amaterasu: ice fiend ending i think
  6737 | IceCv    | 4thArraOfDagon: ye, looks like it
  6925 | D:11     | Noticed a two-headed ogre
  6935 | D:11     | Killed a two-headed ogre
  6935 | D:11     | Reached XP level 12. HP: 53/102 MP: 12/21
  7019 | D:11     | Reached skill level 10 in Axes
  7096 | D:11     | You fall through a shaft for 2 floors!
  7096 | D:13     | Noticed a hell knight
  7096 | D:13     | Noticed a war gargoyle
  7096 | D:13     | Noticed a deep elf annihilator
  7096 | D:13     | Noticed Kirke
  7099 | D:13     | Noticed an eight-headed hydra
  7099 | D:13     | You fall through a shaft!
  7311 | D:15     | Entered Level 15 of the Dungeon
  7338 | D:14     | Slain by a red ugly thing

Vault maps used:
D:1:      lightli_arrival_maybe_door_vault, st_stairs_7
D:2:      first_ration
D:3:      solitary_fountain
D:4:      yredelemnul_altar_generic, amethyst_overflow_temple_binary,
          serial_shops, nicolae_shop_stone, tgw_fedhas, uniq_pikel
D:5:      old_standard_altar
D:6:      guppyfry_early_elven_hall, uniq_edmund, uniq_sigmund
D:7:      lemuel_ice_spiral_2, temple_green, serial_bayou,
          serial_bayou_lagoon_a, serial_bayou_shore_b, serial_bayou_pond_c,
          serial_bayou_shore_b, serial_shops, shop, uniq_duvessa
D:8:      uniq_grum, uniq_erica
D:9:      lemuel_doored_altar, slow_altar_1, dpeg_oklobed_lair
D:10:     hangedman_little_slice_of_home
D:11:     portal_ice_cave_entry_ice_beasts
D:13:     grunt_vaults_entry_fortified, minmay_checkered_concentric_circles,
          uniq_kirke
D:14:     uniq_azrael, uniq_rupert
D:15:     grunt_enter_depths_snipers, nicolae_trove_entry_crystal, uniq_agnes
Temple:   eino_temple_scatter_basement
IceCv:    ice_cave_small_necro

Skill      XL: |  1  2  3  4  5  6  7  8  9 10 11 12 |
---------------+-------------------------------------+-----
Necromancy     | 5 6 8 9 |  9.0
Fighting       | 1 5 9 12 | 12.2
Spellcasting   | 5 6 |  6.0
Axes           | 4 9 10 | 10.3
Shields        | 2 5 |  5.0
Dodging        | |  1.7
Stealth        | |  2.4

Action                   |  1- 3 |  4- 6 |  7- 9 | 10-12 || total
-------------------------+-------+-------+-------+-------++-------
Melee: Mace              |     8 |    22 |    35 |       ||    65
       Trident           |       |       |    80 |    76 ||   156
       War axe           |       |       |       |   223 ||   223
 Cast: Pain              |    47 |    41 |    20 |    34 ||   142
       Vampiric Draining |     1 |    14 |    39 |    78 ||   132
       Regeneration      |       |     1 |     6 |    16 ||    23
       Animate Dead      |       |       |     5 |    11 ||    16
Invok: Sacrifice Resista |       |       |     1 |       ||     1
       Reject Sacrifices |       |       |       |     1 ||     1
 Abil: Dig               |    16 |     9 |    10 |    54 ||    89
       Shaft Self        |       |       |     1 |     2 ||     3
Evoke: Wand              |       |       |     6 |    21 ||    27
  Use: Scroll            |       |    11 |     3 |    11 ||    25
       Potion            |       |     1 |       |     3 ||     4
 Stab: Sleeping          |       |     1 |     2 |     7 ||    10
       Distracted        |       |       |       |     2 ||     2
  Eat: Ration            |     1 |     1 |       |     3 ||     5
       Chunk             |       |     6 |    10 |    22 ||    38
Armor: Robe              |     3 |     1 |    18 |    29 ||    51
       Skin              |       |     6 |       |     9 ||    15
       Troll leather arm |       |       |       |     1 ||     1
Dodge: Dodged            |    15 |    35 |   119 |   260 ||   429
Block: Buckler           |       |       |       |    66 ||    66

Table legend:
 A = Spawn XP
 B = Non-spawn XP
 C = Spawn XP percentage of total XP
 D = Spawn monster count
 E = Non-spawn monster count
 F = Spawn count percentage of total count
 G = Total turns spent on level
                    A         B        C        D         E        F      G
               +---------+---------+-------+---------+---------+-------+---------
         Total |       0 |   17705 |   0.0 |       0 |     249 |   0.0 |  7338
               +---------+---------+-------+---------+---------+-------+---------
           D:1 |       0 |      22 |   0.0 |       0 |      13 |   0.0 |   530
           D:2 |       0 |      49 |   0.0 |       0 |      14 |   0.0 |   583
           D:3 |       0 |     210 |   0.0 |       0 |      23 |   0.0 |   851
           D:4 |       0 |    1298 |   0.0 |       0 |      25 |   0.0 |   936
           D:5 |       0 |     639 |   0.0 |       0 |      26 |   0.0 |   708
           D:6 |       0 |    1829 |   0.0 |       0 |      26 |   0.0 |   531
           D:7 |       0 |     968 |   0.0 |       0 |      16 |   0.0 |   542
           D:8 |       0 |    3742 |   0.0 |       0 |      25 |   0.0 |   570
           D:9 |       0 |     869 |   0.0 |       0 |      11 |   0.0 |   616
          D:10 |       0 |    1755 |   0.0 |       0 |      16 |   0.0 |   486
          D:11 |       0 |    5055 |   0.0 |       0 |      36 |   0.0 |   428
          D:13 |       0 |      33 |   0.0 |       0 |       1 |   0.0 |    12
          D:14 |       0 |     434 |   0.0 |       0 |       3 |   0.0 |   221
         IceCv |       0 |     802 |   0.0 |       0 |      14 |   0.0 |   260
               +---------+---------+-------+---------+---------+-------+---------
